 Dungeon Crawl Stone Soup version 0.30.0-17-ge0270778cf (webtiles) character file.

Game seed: 18121229916754664369

3 sampeng1 the Conjurer (level 1, -2/15 (16) HPs)
             Began as a Human Reaver on May 22, 2023.
             Slain by a goblin
             ... wielding a +0 dagger
              (3 damage)
             ... on level 1 of the Dungeon.
             The game lasted 00:00:24 (53 turns).

sampeng1 the Conjurer (Human Reaver)                  Turns: 53, Time: 00:00:24

HP:   -2/15 (16)    AC:  3    Str: 12    XL:     1   Next: 55%
MP:   3/3           EV: 11    Int: 13    God:
Gold: 0             SH:  0    Dex: 11    Spells: 3/4 levels left

rFire   . . .        a - +0 hand axe
rCold   . . .        (no shield)
rNeg    . . .        b - +0 leather armour
rPois   .            (no helmet)
rElec   .            (no cloak)
rCorr   .            (no gloves)
SInv    .            (no boots)
Will    .....        (no amulet)
Stlth   +            (no ring)
HPRegen 0.22/turn    (no ring)
MPRegen 0.08/turn

%: no passive effects
@: drained
A: no striking features
a: no special abilities


You were on level 1 of the Dungeon.
You visited 1 branch of the dungeon, and saw 1 of its levels.

Inventory:

Hand Weapons
 a - a +0 hand axe (weapon)
Armour
 b - a +0 leather armour (worn)
Potions
 c - a potion of curing {unknown}


   Skills:
 + Level 2.0 Fighting
 + Level 3.0 Axes
 + Level 2.0 Dodging
 + Level 2.0 Spellcasting
 + Level 3.0 Conjurations


You had 3 spell levels left.
You knew the following spells:

 Your Spells              Type           Power      Damage    Failure   Level
a - Kiss of Death         Conj/Necr      20%        2d7       17%         1

Your spell library contained the following spells:

 Spells                   Type           Power      Damage    Failure   Level
 Momentum Strike          Conj/Tloc      10%        3d8       26%         2
 Hailstorm                Conj/Ice       5%         3d4       45%         3


Dungeon Overview and Level Annotations

Branches:
Dungeon (1/15)

Altars:


Message History

You hit the hobgoblin. The giant cockroach barely misses you.
The hobgoblin closely misses you.
A kobold comes into view. It is wielding a +0 mace.
The giant cockroach bites you.
You closely miss the giant cockroach.
The giant cockroach is heavily wounded.
You hit the hobgoblin.
The hobgoblin hits you but does no damage.
The giant cockroach bites you.
You hit the giant cockroach.
The giant cockroach is almost dead.
You hit the hobgoblin but do no damage. The hobgoblin closely misses you.
The giant cockroach bites you.
A frilled lizard comes into view.
The hobgoblin hits you.
You closely miss the giant cockroach.
The giant cockroach is almost dead.
You closely miss the hobgoblin.
The giant cockroach barely misses you. x2
The frilled lizard hisses angrily.
You hit the giant cockroach.
You kill the giant cockroach!
You hit the goblin. You hit the hobgoblin.
You kill the hobgoblin!
You hear a shout!
The goblin hits you with a +0 dagger.
A goblin comes into view. It is wielding a +0 short sword.
You barely miss the goblin.
The goblin is severely wounded.
The goblin barely misses you.
You hit the goblin but do no damage.
The goblin is severely wounded.
You hit the kobold. The kobold closely misses you.
The goblin hits you but does no damage.
You closely miss the goblin.
The goblin is severely wounded.
You hit the kobold but do no damage. The kobold hits you with a +0 mace!
* * * LOW HITPOINT WARNING * * *
A goblin comes into view. It is wielding a +0 club.
The goblin hits you with a +0 dagger.
You die...

......g....#
..........##
.:..g.....#
.####.........##
........l.......
.............#
.......K.....##
#♣♣#♣♣♣#..@.......
♣<.♣..♣♣...g......
♣......♣♣........#
♣#......♣........#
♣♣.[....♣.........
♣..♣.♣.........###
♣...⌠......#####
♣..♣.♣....##
♣.......♣##


You could see 3 goblins, a kobold and a frilled lizard.

Vanquished Creatures
  A giant cockroach (D:1)
  A hobgoblin (D:1)
  A ball python (D:1)
3 creatures vanquished.

Notes
Turn   | Place    | Note
-------+----------+-------------------------------------------
     0 | D:1      | sampeng1 the Human Reaver began the quest for the Orb.
     0 | D:1      | Reached XP level 1. HP: 16/16 MP: 3/3
    53 | D:1      | Slain by a goblin

Illustrated notes

Levels and vault maps discovered:
D:1:      amcnicky_arrival_underground_garden, layout_rooms

Action                     || total
---------------------------++-------
  Melee: Hand axe          ||    11
   Cast: Kiss of Death     ||     1
 Armour: Leather armour    ||     2
  Dodge: Dodged            ||    10
